 Dungeon Crawl Stone Soup version 0.31-a0-236-g9a0961fb85 (webtiles) character file.

Game seed: 933861300998296890

142 qw the Shooter (level 5, -3/30 HPs)
             Began as a Gargoyle Hexslinger on July 10, 2023.
             Killed from afar by Ijyb (6 damage)
             ... with a bolt of dispelling energy
             ... on level 3 of the Dungeon.
             The game lasted 00:00:48 (2293 turns).

qw the Shooter (Gargoyle Hexslinger)                Turns: 2293, Time: 00:00:48

Health: -3/30      AC: 10    Str: 11    XL:     5   Next: 24%
Magic:  6/6        EV: 10    Int: 14    God:
Gold:   165        SH:  0    Dex: 14    Spells: 5/6 levels left

rFire   . . .        Y - +1 sling
rCold   . . .        (no shield)
rNeg    + . .        b - +0 ring mail
rPois   inf          (no helmet)
rElec   +            (no cloak)
rCorr   .            (no gloves)
SInv    .            h - +0 pair of boots
Will    .....        (no amulet)
Stlth   +            (no ring)
HPRegen 0.25/turn    (no ring)
MPRegen 0.10/turn

%: no passive effects
@: no status effects
A: sickness immunity, AC +4, negative energy resistance 1, electricity
resistance, torment resistance 1, petrification resistance
a: no special abilities


You were on level 3 of the Dungeon.
You visited 1 branch of the dungeon, and saw 3 of its levels.

You collected 165 gold pieces.


Innate Abilities, Weirdness & Mutations

You are immune to sickness and miasma.
Your stone body is resilient. (AC +4)
You are immune to poison.
You resist negative energy. (rN+)
You are resistant to electric shocks. (rElec)
You are resistant to unholy torment.
You are immune to petrification.


   Skills:
 - Level 2.2 Fighting
 + Level 4.7 Ranged Weapons
 - Level 1.0 Armour
 - Level 1.5 Dodging
 - Level 1.0 Spellcasting
 - Level 2.6 Hexes


You had 5 spell levels left.
You knew the following spells:

 Your Spells              Type           Power      Damage    Failure   Level
a - Slow                  Hex            32%        N/A       21%         1

Your spell library contained the following spells:

 Spells                   Type           Power      Damage    Failure   Level
 Inner Flame              Hex/Fire       4%         N/A       71%         3
 Portal Projectile        Hex/Tloc       8%         N/A       71%         3
 Cause Fear               Hex            4%         N/A       90%         4

Inventory:

Hand Weapons
 Y - a +1 sling (weapon)
Armour
 b - a +0 ring mail (worn)
 h - a +0 pair of boots (worn)
Scrolls
 c - 2 scrolls of identify {unknown}
 l - a scroll of brand weapon {unknown}
Potions
 a - a potion of haste {unknown}
 d - a potion of heal wounds {unknown}
 e - a potion of resistance
 f - 2 potions of curing
 g - a potion of invisibility {unknown}
 j - a potion of enlightenment {unknown}
 k - a potion of might {unknown}
 n - a potion of brilliance {unknown}

Dungeon Overview and Level Annotations

Branches:
Dungeon (3/15)

Altars:
Nemelex Xobeh

Annotations:
D:3 Ijyb


Message History

Natasha stares at you and mumbles some strange words.
The magic dart hits you but does no damage.
Natasha mumbles some strange words.
You shoot a sling bullet.
The sling bullet closely misses Natasha.
Natasha zaps a wand.
The puff of flame hits you!
The cerulean imp hits you but does no damage.
Natasha zaps a wand.
The puff of flame hits you.
2286 ||| READING scroll of teleportation.
As you read the scroll of teleportation, it crumbles to dust.
You feel strangely unstable.
The cerulean imp hits you but does no damage.
Natasha claws you.
You shoot a sling bullet. The sling bullet hits Natasha.
You kill Natasha!
You feel Natasha's spirit has finally been put to rest.
The cerulean imp disappears in a puff of smoke!
You feel yourself speed up.
You start resting.
Your surroundings suddenly seem different.
Ijyb the Twisted Goblin comes into view.
She is wielding a +0 dagger, wearing a +1 ring mail of poison resistance and carrying a wand of quicksilver (13).
Found a stone staircase leading down.
Enter note:
Enter note:
Enter note:
Enter note:
Enter note:
Enter note: You shoot a sling bullet.
The sling bullet hits Ijyb but does no damage.
Ijyb barely misses you.
You shoot a sling bullet.
The sling bullet hits Ijyb but does no damage.
Ijyb hits you with a +0 dagger.
You shoot a sling bullet. The sling bullet closely misses Ijyb.
Ijyb closely misses you.
You shoot a sling bullet. The sling bullet hits Ijyb!
Ijyb is moderately wounded.
Ijyb zaps a wand.
The bolt of dispelling energy hits you.
You die...

..######.#.# ####...##.####.....
...........####...%#.##.. .......
.##...................##.......#.
.##.###.....#####.....##.........
.##.# #..}.##...##.}.............
.##.###...##8....##............#.
.........###.._...##..#........##
###.###.##.#8......##..........#
#.# #/#..##...@...#.##%/.....#
#.# #.'...#####g.>#.##.#
#.###.#..)....##..#....#
#.)##.##......8#.##.####
##.##..##..._..###..#
#.##...##....8##...#
#.##..}.##...##.}..####
#.##.....#####.......[#
####.##...............##.#


You could see Ijyb.

Vanquished Creatures
  Natasha (thrice) (D:3)
  2 adders (D:2)
  2 worms (D:3)
  2 dart slugs (D:3)
  An orc (D:3)
  4 bats
  5 endoplasms
  2 giant cockroaches
  5 goblins
  4 hobgoblins
  2 kobolds
  A quokka (D:3)
  2 ball pythons
  2 frilled lizards
  4 rats
41 creatures vanquished.

Notes
Turn   | Place    | Note
-------+----------+-------------------------------------------
     0 | D:1      | qw the Gargoyle Hexslinger began the quest for the Orb.
     0 | D:1      | Reached XP level 1. HP: 12/12 MP: 2/2
     0 | D:1      | 0 ||| qw: Version: 0.3-a-51-g015441d
     0 | D:1      | 0 ||| qw: Game counter: 4500
     0 | D:1      | 0 ||| qw: Melee chars always use a shield: true
     0 | D:1      | 0 ||| qw: God list: Okawaru
     0 | D:1      | 0 ||| qw: Allow faded altars: false
     0 | D:1      | 0 ||| qw: Do Orc after clearing Dungeon:15 true
     0 | D:1      | 0 ||| qw: Do second Lair branch before Depths: true
     0 | D:1      | 0 ||| qw: Lair rune preference: random
     0 | D:1      | 0 ||| qw: Goals: Normal
     0 | D:1      | 0 ||| PLANNING D:1-11
   202 | D:1      | Found a faded altar of an unknown god.
   223 | D:1      | Reached XP level 2. HP: 16/16 MP: 3/3
   646 | D:1      | 646 ||| READING scroll labelled VOWNOG VEDUICY.
   647 | D:1      | 647 ||| READING scroll labelled VIUCEDY JEN GIU.
   652 | D:1      | 652 ||| DRINKING 2 viscous cyan potions.
   653 | D:1      | 653 ||| DRINKING 2 smoky coppery potions.
   654 | D:1      | 654 ||| DROPPING scroll of poison.
   715 | D:2      | Reached skill level 3 in Ranged Weapons
   818 | D:2      | 818 ||| Stepping ~*~*~tactically~*~*~ (water).
  1044 | D:2      | Reached XP level 3. HP: 21/21 MP: 4/4
  1663 | D:2      | 1663 ||| UPGRADING to +0 ring mail.
  1673 | D:2      | 1673 ||| DROPPING +0 robe.
  1674 | D:2      | 1674 ||| UPGRADING to +0 pair of boots.
  1679 | D:2      | 1679 ||| READING scroll labelled FUD KOJIHUCH.
  1780 | D:2      | 1780 ||| READING scroll labelled MISAHA KIAKH.
  1781 | D:2      | 1781 ||| READING scroll labelled LIAQYC GUEZ.
  1782 | D:2      | 1782 ||| READING scroll labelled UNKOTECWAN.
  1914 | D:3      | Reached skill level 1 in Armour
  1966 | D:3      | Found a faded altar of an unknown god.
  1971 | D:3      | Found a sparkling altar of Nemelex Xobeh.
  1992 | D:3      | Reached XP level 4. HP: 26/26 MP: 5/5
  2116 | D:3      | Noticed Natasha
  2117 | D:3      | 2117 ||| FLEEEEING.
  2122 | D:3      | 2122 ||| FLEEEEING.
  2123 | D:3      | 2123 ||| FLEEEEING.
  2131 | D:3      | Killed Natasha
  2132 | D:3      | Reached skill level 4 in Ranged Weapons
  2268 | D:3      | Noticed Natasha
  2275 | D:3      | Killed Natasha
  2276 | D:3      | Reached XP level 5. HP: 16/30 MP: 6/6
  2280 | D:3      | Noticed Natasha
  2285 | D:3      | HP: 6/30 [Natasha/puff of flame (8)]
  2286 | D:3      | 2286 ||| READING scroll of teleportation.
  2286 | D:3      | HP: 2/30 [Natasha (2)]
  2287 | D:3      | Killed Natasha
  2289 | D:3      | Noticed Ijyb
  2291 | D:3      | HP: 3/30 [Ijyb/+0 dagger (1)]
  2293 | D:3      | Killed from afar by Ijyb

Levels and vault maps discovered:
D:1:      minmay_arrival_checkered_box, layout_loops_ring,
          chequers_ecumenical_altar_simple, corexii_corridor_pit
D:2:      layout_loops_ring, serial_bayou, serial_bayou_lake_a,
          serial_bayou_pond_a, serial_bayou_lagoon_b, serial_bayou_shore_b,
          serial_bayou_shore_b, serial_bayou_pond_d
D:3:      layout_loops_ring, nicolae_overflow_ecumenical_swirl, uniq_ijyb,
          uniq_natasha

Skill      XL: |  1  2  3  4 |
---------------+-------------+-----
Ranged Weapons | 3 4 |  4.7
Fighting       | 2 |  2.2
Armour         | 1 |  1.0
Dodging        | |  1.5
Spellcasting   | |  1.0
Hexes          | |  2.6

Action                     |  1- 3 |  4- 6 || total
---------------------------+-------+-------++-------
   Fire: Sling             |   111 |    65 ||   176
    Use: Scroll            |     6 |     1 ||     7
         Potion            |     2 |       ||     2
 Armour: Robe              |    16 |       ||    16
         Ring mail         |     3 |    12 ||    15
  Dodge: Dodged            |    26 |    25 ||    51

Table legend:
 A = Non-vault XP
 B = Vault XP
 C = Vault XP percentage of total XP
 D = Non-vault monster count
 E = Vault monster count
 F = Vault count percentage of total count
                 A         B        C        D         E       F
            +---------+---------+-------+---------+---------+-------
      Total |     168 |      35 |  17.2 |      40 |       1 |   2.4
            +---------+---------+-------+---------+---------+-------
        D:1 |      16 |       0 |   0.0 |      10 |       0 |   0.0
        D:2 |      46 |       0 |   0.0 |      13 |       0 |   0.0
        D:3 |     106 |      35 |  24.8 |      17 |       1 |   5.6
            +---------+---------+-------+---------+---------+-------
